 Dungeon Crawl Stone Soup version 0.30-a0-913-g9934a0ce24 (webtiles) character file.

Game seed: 16289418806197162687

38 cforsyth the Trooper (level 3, -6/37 HPs)
             Began as an Ogre Gladiator on Mar 19, 2023.
             Was a Follower of Cheibriados.
             Mangled by a gnoll
             ... wielding a +0 halberd
              (10 damage)
             ... on level 2 of the Dungeon.
             The game lasted 00:01:14 (867 turns).

cforsyth the Trooper (Ogre Gladiator)                Turns: 867, Time: 00:01:15

Health: -6/37      AC:  3    Str: 23    XL:     3   Next: 43%
Magic:  3/3        EV: 10    Int: 12    God:    Cheibriados [*.....]
Gold:   137        SH:  0    Dex: 13    Spells: 2/2 levels left

rFire   . . .      SeeInvis .    a - +0 war axe
rCold   . . .      Faith    .    (no shield)
rNeg    . . .      Spirit   .    b - +0 robe
rPois   .          Reflect  .    c - +0 hat
rElec   .          Rampage  .    (no cloak)
rCorr   .                        (gloves unavailable)
Will    .....                    (boots unavailable)
Stlth   +                        (no amulet)
HPRegen 0.26/turn                (no ring)
MPRegen 0.08/turn                (no ring)

@: very slow
A: large, unfitting armour, tough skin 1
a: Renounce Religion, Bend Time


You were on level 2 of the Dungeon.
You worshipped Cheibriados.
Cheibriados was aware of your devotion.
You visited 1 branch of the dungeon, and saw 2 of its levels.

You collected 137 gold pieces.

Inventory:

Hand Weapons
 a - a +0 war axe (weapon)
Missiles
 e - a large rock (quivered)
 f - 3 throwing nets
Armour
 b - a +0 robe (worn)
 c - a +0 hat (worn)
Jewellery
 j - an amulet of magic regeneration
Scrolls
 d - 3 scrolls of teleportation {unknown}
 g - 2 scrolls of magic mapping {unknown}
 l - a scroll of enchant armour {unknown}
 n - a scroll of identify {unknown}
 o - a scroll of torment {unknown}
Potions
 h - a potion of ambrosia {unknown}
 i - 2 potions of mutation {unknown}
 k - a potion of haste {unknown}
 m - a potion of berserk rage {unknown}


   Skills:
 + Level 3.5 Fighting
 + Level 3.4 Axes
 - Level 2.2 Throwing
 + Level 3.1 Dodging


You had 2 spell levels left.
You didn't know any spells.
Your spell library was empty.

Dungeon Overview and Level Annotations

Branches:
Dungeon (2/15)

Altars:
Cheibriados


Innate Abilities, Weirdness & Mutations

You are too large for most types of armour.
You have tough skin. (AC +1)


Message History

No target in view!
No target in view!
No target in view!
You now have 137 gold pieces (gained 16).
A gnoll comes into view. It is wielding a +0 halberd.
A gnoll is nearby!
A gnoll is nearby! 2 gnolls come into view.
The gnoll shouts!
A gnoll comes into view. It is wielding a +0 halberd.
The gnoll barely misses you.
You barely miss the gnoll. The gnoll barely misses you.
A goblin comes into view. It is wielding a +0 club.
The gnoll misses you.
You closely miss the gnoll.
The gnoll shouts!
The gnoll hits you with a +0 halberd!
The gnoll hits you from afar with a +0 halberd!
The goblin shouts!
You hear a shout! x3
You are too injured to fight recklessly!
You are too injured to fight recklessly!
You are too injured to fight recklessly!
You are too injured to fight recklessly!
You are too injured to fight recklessly!
You are too injured to fight recklessly!
You are too injured to fight recklessly!
You are too injured to fight recklessly!
You are too injured to fight recklessly!
You are too injured to fight recklessly!
You are too injured to fight recklessly!
The gnoll hits you from afar with a +0 halberd.
* * * LOW HITPOINT WARNING * * *
The gnoll hits you from afar with a +0 halberd!
* * * LOW HITPOINT WARNING * * *
The gnoll misses you. The gnoll barely misses you.
A goblin comes into view. It is wielding a +0 hand axe.
A giant cockroach comes into view.
The gnoll hits you from afar with a +0 halberd!
You die...

#.... ...
#.##.##.#
###.#...#.# .
.........####..
#..# .........
### #$.# #.....
....
#..####..####..#
#..g.g..g......#
#.##...gg.@....#
#.##.##..####..#
#g##.##..# #
#g##.##....
.g......####
#.g#####.# #..#
#g# #..# #B.
#..#


You could see 4 gnolls and a goblin.

Vanquished Creatures
  A dart slug (D:1)
  5 ball pythons (D:1)
  4 endoplasms
  5 goblins
  2 hobgoblins
  A quokka (D:1)
  6 bats (D:1)
  4 frilled lizards (D:1)
  3 kobolds (D:1)
  A rat (D:1)
32 creatures vanquished.

Notes
Turn   | Place    | Note
-------+----------+-------------------------------------------
     0 | D:1      | cforsyth the Ogre Gladiator began the quest for the Orb.
     0 | D:1      | Reached XP level 1. HP: 22/22 MP: 1/1
    92 | D:1      | Reached XP level 2. HP: 29/31 MP: 2/2
   248 | D:1      | Found a faded altar of an unknown god.
   305 | D:1      | Reached XP level 3. HP: 23/37 MP: 3/3
   334 | D:1      | Prayed at the altar of an unknown god.
   334 | D:1      | Became a worshipper of Cheibriados the Contemplative
   334 | D:1      | Reached * piety under Cheibriados
   858 | D:2      | HP: 1/37 [gnoll/+0 halberd (8)]
   867 | D:2      | Mangled by a gnoll

Illustrated notes

Levels and vault maps discovered:
D:1:      matt_arrival_spirals, layout_basic, ebering_ecumenical_altar_hall,
          minmay_octomino_c4
D:2:      layout_loops_ring, kennysheep_generic_room_9, uniq_robin,
          uniq_crazy_yiuf_cottage

Skill      XL: |  1  2 |
---------------+-------+-----
Fighting       | 3 |  3.5
Dodging        | 3 |  3.1
Axes           | |  3.4
Throwing       | |  2.2

Action                     || total
---------------------------++-------
  Melee: War axe           ||    68
         Punch             ||     3
  Throw: Throwing net      ||     3
   Stab: Distracted        ||     1
 Armour: Robe              ||    29
  Dodge: Dodged            ||    38

Table legend: (Time is in decaauts)
 A = Elapsed time spent in this place.
 B = Non-inter-level travel time spent in this place.
 C = Inter-level travel time spent in this place.
 D = Time resting spent in this place.
 E = Time spent auto-exploring this place.
 F = Levels seen in this place.
 G = Mean time per level.
                   A        B        C        D        E       F      G
               +--------+--------+--------+--------+--------+-----+--------+
         Total |   1069 |   1045 |     24 |      0 |    823 |   2 |  534.5 |
       Dungeon |   1069 |   1045 |     24 |      0 |    823 |   2 |  534.5 |
               +--------+--------+--------+--------+--------+-----+--------+

Top non-repeatable levels by time:
     D:1: 1031 daAuts
     D:2: 38 daAuts
